Adelaide Pink Elephants vs Atlantic City Gamblers
Created - Tuesday, May 9, 2023 at 07:00
Goals
|
| Adelaide Pink Elephants |
0 |
3 |
5 |
8 |
| Atlantic City Gamblers |
3 |
2 |
0 |
5 |
|
Shots
|
| Adelaide Pink Elephants |
4 |
12 |
27 |
43 |
| Atlantic City Gamblers |
6 |
12 |
16 |
34 |
|
1st period
1. Atlantic City Gamblers , Luke Kunin 19 (Cody Glass 32, Boris Katchouk 13) at 3:35
2. Atlantic City Gamblers , Cody Glass 31 (Nils Hoglander 43, Luke Kunin 41) at 9:13 (PP)
3. Atlantic City Gamblers , Luke Kunin 20 (Cody Glass 33, Callan Foote 18) at 11:46
Penalties :
Riley Damiani (APE) for Diving (Minor) at 8:07
2nd period
4. Adelaide Pink Elephants , Ryan Dzingel 14 (Johan Larsson 36, Caleb Jones 18) at 5:52
5. Atlantic City Gamblers , Egor Sokolov 8 (Luke Kunin 42, Ronald Attard 13) at 8:30
6. Atlantic City Gamblers , Ty Smith 3 (Cody Glass 34, Luke Kunin 43) at 18:13 (PP)
7. Adelaide Pink Elephants , Johan Larsson 38 (Adam Gaudette 26, Caleb Jones 19) at 18:59 (PP)
8. Adelaide Pink Elephants , Johan Larsson 39 (Adam Gaudette 27) at 19:07
Penalties :
Jakub Lauko (ACG) for Interference (Minor) at 1:04, Jean-Luc Foudy (ACG) for Fighting (Major) at 6:01, Ryan Dzingel (APE) for Fighting (Major) at 6:01, Ryan Dzingel (APE) for Elbowing (Minor) at 17:36, Jakub Lauko (ACG) for Roughing (Minor) at 18:43
3rd period
9. Adelaide Pink Elephants , Matthew Phillips 13 (Dominik Simon 23) at 5:19
10. Adelaide Pink Elephants , Johan Larsson 40 (Adam Gaudette 28) at 5:25 (PP)
11. Adelaide Pink Elephants , Adam Gaudette 21 (Declan Chisholm 10, Ryan Dzingel 41) at 13:27
12. Adelaide Pink Elephants , Dominik Simon 17 (Philippe Myers 18) at 14:09 (PP)
13. Adelaide Pink Elephants , Johan Larsson 41 (A.J. Greer 7, Ben Gleason 1) at 19:32
Penalties :
Ty Smith (ACG) for Charging (Minor) at 5:22, Jakub Lauko (ACG) for Holding (Minor) at 6:28, Dominik Simon (APE) for High sticking (Minor) at 10:40, Nils Hoglander (ACG) for Diving (Minor) at 13:30, Philippe Myers (APE) for Interference (Minor) at 14:22
Goalie Stats
Matthew Murray (APE), 29 saves from 34 shots - (0.853), W, 6-7-2, 60:00 minutes
Isaiah Saville (ACG), 35 saves from 43 shots - (0.814), L, 7-7-2, 60:00 minutes
Players Stats for Adelaide Pink Elephants
Player Name G A P +/- PIM S H SB GA TA FO MP PP MP PK MP
------------------------------------------------------------------------------------
A.J. Greer 0 1 1 -1 0 5 1 1 0 1 0/0 17:28 0:00 0:51
Adam Gaudette 1 3 4 3 0 4 2 1 0 0 2/3 21:52 2:52 2:16
Axel Jonsson-Fjallby 0 0 0 -2 0 1 2 0 0 0 0/0 14:36 0:00 1:34
Ben Gleason 0 1 1 0 0 1 0 1 0 0 0/0 13:18 0:00 0:32
Caleb Jones 0 2 2 2 0 2 3 4 0 0 0/0 27:20 2:47 3:33
Declan Chisholm 0 1 1 0 0 1 0 0 0 0 0/0 19:55 2:09 2:08
Dominik Simon 1 1 2 0 2 4 3 1 0 0 2/2 17:59 1:56 0:36
Johan Larsson 4 1 5 4 0 11 2 0 0 0 20/29 24:48 2:51 3:10
Kevin Stenlund 0 0 0 0 0 1 1 0 0 0 7/11 17:38 1:56 0:14
Marc McLaughlin 0 0 0 0 0 0 0 0 0 0 0/0 0:54 0:13 0:00
Matthew Phillips 1 0 1 0 0 2 3 0 0 0 0/0 16:46 1:56 0:00
Nick Cicek 0 0 0 0 0 0 1 1 0 2 0/0 13:31 0:00 1:04
Philippe Myers 0 1 1 2 2 0 2 3 0 1 0/0 26:16 2:47 2:29
Riley Damiani 0 0 0 -2 2 1 1 0 0 0 3/3 12:24 0:00 0:00
Robin Salo 0 0 0 0 0 2 0 2 0 0 0/0 19:40 2:09 1:36
Ryan Dzingel 1 1 2 3 7 8 0 3 1 0 0/2 20:25 2:47 2:41
Ryan Suzuki 0 0 0 1 0 0 0 0 0 0 1/3 4:09 0:00 0:00
Tyler Madden 0 0 0 0 0 0 0 0 0 0 2/2 5:15 0:17 0:00
Players Stats for Atlantic City Gamblers
Player Name G A P +/- PIM S H SB GA TA FO MP PP MP PK MP
------------------------------------------------------------------------------------
Alex Beaucage 0 0 0 0 0 0 2 1 0 0 0/0 12:59 0:02 0:00
Boris Katchouk 0 1 1 -1 0 2 1 1 0 0 1/3 16:16 2:26 0:00
Callan Foote 0 1 1 0 0 3 2 1 1 0 0/0 23:22 2:53 2:44
Cam Dineen 0 0 0 -1 0 0 2 0 0 0 0/0 22:21 2:48 2:12
Cody Glass 1 3 4 0 0 5 2 0 0 0 0/1 19:33 3:13 2:21
Egor Sokolov 1 0 1 0 0 5 2 0 0 0 0/0 13:39 0:02 0:09
Jakub Lauko 0 0 0 0 6 1 2 1 0 0 4/9 12:57 0:00 0:20
Jean-Luc Foudy 0 0 0 -1 5 2 0 0 0 0 4/15 14:40 2:26 0:09
Layton Ahac 0 0 0 -1 0 0 1 0 0 0 0/0 9:31 0:00 0:00
Luke Kunin 2 3 5 0 0 3 5 0 1 0 5/14 18:58 3:13 2:21
Michael Vukojevic 0 0 0 -1 0 3 1 0 0 0 0/0 14:20 0:00 0:03
Nick Henry 0 0 0 -1 0 0 1 0 1 0 1/4 10:10 0:02 0:00
Nils Hoglander 0 1 1 0 2 2 3 0 1 0 1/3 18:03 3:13 2:06
Ronald Attard 0 1 1 -1 0 2 2 3 0 0 0/0 22:21 2:48 2:12
Thomas Harley 0 0 0 -1 0 0 0 1 0 0 0/0 14:17 0:00 0:00
Ty Smith 1 0 1 0 2 5 1 1 0 1 0/0 23:18 2:53 2:41
Xavier Bernard 0 0 0 -1 0 0 0 0 0 0 1/2 9:31 0:00 0:00
Yegor Chinakhov 0 0 0 -1 0 1 2 1 0 0 1/4 18:42 2:26 2:26
3 Stars
1 - Johan Larsson (APE)
2 - Adam Gaudette (APE)
3 - Luke Kunin (ACG)
Power Play
Adelaide Pink Elephants - 3 on 5 Attempt(s) - 60.00%
Atlantic City Gamblers - 2 on 4 Attempt(s) - 50.00%
Penalty Kill
Adelaide Pink Elephants - 2 on 4 Attempt(s) - 50.00%
- Score 0 goal in Penalty Kill
Atlantic City Gamblers - 2 on 5 Attempt(s) - 40.00%
- Score 0 goal in Penalty Kill
Team Stat
Adelaide Pink Elephants - Hits : 21 - Faceoff Wins : 37 - Blocked Shots : 17 - Penalty Minutes : 13
Atlantic City Gamblers - Hits : 29 - Faceoff Wins : 18 - Blocked Shots : 10 - Penalty Minutes : 15
Official
Referees : Marc Joannette and Wes McCauley
Linesman : David Brisebois and Thor Nelson
Game Notes
Jean-Luc Foudy and Ryan Dzingel fight to a draw at 6:01 of 2nd period
Johan Larsson has scored a Hat Trick!
Adelaide Pink Elephants
5 vs 5 Forward
Center Left Wing Right Wing Time % Phy DF OF
1 Johan Larsson Ryan Dzingel Adam Gaudette 40 1 2 2
2 Kevin Stenlund Dominik Simon Matthew Phillips 30 1 2 2
3 Riley Damiani Axel Jonsson-Fjallby A.J. Greer 20 1 2 2
4 Ryan Suzuki A.J. Greer Johan Larsson 10 1 2 2
5 vs 5 Defense
Defense Defense Time % Phy DF OF
1 Caleb Jones Philippe Myers 40 1 2 2
2 Robin Salo Declan Chisholm 30 1 2 2
3 Ben Gleason Nick Cicek 20 1 2 2
4 Caleb Jones Philippe Myers 10 1 2 2
PowerPlay Forward
Center Left Wing Right Wing Time % Phy DF OF
1 Johan Larsson Ryan Dzingel Adam Gaudette 60 1 2 2
2 Kevin Stenlund Dominik Simon Matthew Phillips 40 1 2 2
PowerPlay Defense
Defense Defense Time % Phy DF OF
1 Caleb Jones Philippe Myers 60 1 2 2
2 Robin Salo Declan Chisholm 40 1 2 2
Penalty Kill 4 Players Forward
Center Wing Time % Phy DF OF
1 Johan Larsson Ryan Dzingel 60 1 2 2
2 Adam Gaudette Dominik Simon 40 1 2 2
Penalty Kill 4 Players Defense
Defense Defense Time % Phy DF OF
1 Caleb Jones Philippe Myers 60 1 2 2
2 Robin Salo Declan Chisholm 40 1 2 2
Penalty Kill - 3 Players Forward
Forward Time % Phy DF OF
1 Johan Larsson 60 1 2 2
2 Ryan Dzingel 40 1 2 2
Penalty Kill - 3 Players Defense
Defense Defense Time % Phy DF OF
1 Caleb Jones Philippe Myers 60 1 2 2
2 Robin Salo Declan Chisholm 40 1 2 2
4 vs 4 Forward
Center Wing Time % Phy DF OF
1 Johan Larsson Ryan Dzingel 60 1 2 2
2 Adam Gaudette Dominik Simon 40 1 2 2
4 vs 4 Defense
Defense Defense Time % Phy DF OF
1 Caleb Jones Philippe Myers 60 1 2 2
2 Robin Salo Declan Chisholm 40 1 2 2
Last Minutes Offensive
Center Left Wing Right Wing Defense Defense
Johan Larsson Ryan Dzingel Adam Gaudette Caleb Jones Philippe Myers
Last Minutes Defensive
Center Left Wing Right Wing Defense Defense
Johan Larsson Ryan Dzingel Adam Gaudette Caleb Jones Philippe Myers
Goaltenders
Starting : Matthew Murray
Backup : Jet Greaves
Extra Forwards
Normal : Tyler Madden, Marc McLaughlin, Axel Jonsson-Fjallby - PP : Tyler Madden, Marc McLaughlin - PK : Axel Jonsson-Fjallby
Extra Defensemen
Normal : Ben Gleason, Nick Cicek, Robin Salo - PP : Ben Gleason - PK : Nick Cicek, Robin Salo
Penalty Shots
Johan Larsson, Ryan Dzingel, Adam Gaudette, Dominik Simon, Kevin Stenlund
Atlantic City Gamblers
5 vs 5 Forward
Center Left Wing Right Wing Time % Phy DF OF
1 Luke Kunin Nils Hoglander Cody Glass 30 1 2 2
2 Jean-Luc Foudy Boris Katchouk Yegor Chinakhov 30 1 2 2
3 Jakub Lauko Egor Sokolov Alex Beaucage 25 1 2 2
4 Nick Henry Layton Ahac Xavier Bernard 15 1 2 2
5 vs 5 Defense
Defense Defense Time % Phy DF OF
1 Ty Smith Callan Foote 35 1 2 2
2 Ronald Attard Cam Dineen 35 1 2 2
3 Thomas Harley Michael Vukojevic 30 1 2 2
4 Ty Smith Callan Foote 0 1 2 2
PowerPlay Forward
Center Left Wing Right Wing Time % Phy DF OF
1 Luke Kunin Nils Hoglander Cody Glass 50 1 2 2
2 Jean-Luc Foudy Boris Katchouk Yegor Chinakhov 50 1 2 2
PowerPlay Defense
Defense Defense Time % Phy DF OF
1 Ty Smith Callan Foote 50 1 2 2
2 Ronald Attard Cam Dineen 50 1 2 2
Penalty Kill 4 Players Forward
Center Wing Time % Phy DF OF
1 Luke Kunin Cody Glass 50 1 2 2
2 Nils Hoglander Yegor Chinakhov 50 1 2 2
Penalty Kill 4 Players Defense
Defense Defense Time % Phy DF OF
1 Ty Smith Callan Foote 50 1 2 2
2 Ronald Attard Cam Dineen 50 1 2 2
Penalty Kill - 3 Players Forward
Forward Time % Phy DF OF
1 Luke Kunin 50 1 2 2
2 Cody Glass 50 1 2 2
Penalty Kill - 3 Players Defense
Defense Defense Time % Phy DF OF
1 Ty Smith Callan Foote 50 1 2 2
2 Ronald Attard Cam Dineen 50 1 2 2
4 vs 4 Forward
Center Wing Time % Phy DF OF
1 Luke Kunin Cody Glass 50 1 2 2
2 Nils Hoglander Yegor Chinakhov 50 1 2 2
4 vs 4 Defense
Defense Defense Time % Phy DF OF
1 Ty Smith Callan Foote 50 1 2 2
2 Ronald Attard Cam Dineen 50 1 2 2
Last Minutes Offensive
Center Left Wing Right Wing Defense Defense
Luke Kunin Nils Hoglander Cody Glass Ty Smith Callan Foote
Last Minutes Defensive
Center Left Wing Right Wing Defense Defense
Luke Kunin Nils Hoglander Cody Glass Ty Smith Callan Foote
Goaltenders
Starting : Isaiah Saville
Backup : Tuukka Rask
Extra Forwards
Normal : Egor Sokolov, Alex Beaucage, Jakub Lauko - PP : Egor Sokolov, Alex Beaucage - PK : Jakub Lauko
Extra Defensemen
Normal : Thomas Harley, Michael Vukojevic, Xavier Bernard - PP : Thomas Harley - PK : Michael Vukojevic, Xavier Bernard
Penalty Shots
Luke Kunin, Cody Glass, Nils Hoglander, Yegor Chinakhov, Boris Katchouk
% Time on Ice - Adelaide Pink Elephants
Lines # - Real PCT - Wanted PCT - Time Play
Normal Forward
1 - 36% - 40% - 17:59
2 - 30% - 30% - 14:50
3 - 25% - 20% - 12:25
4 - 8% - 10% - 4:09
Normal Defense
1 - 37% - 40% - 18:14
2 - 32% - 30% - 15:55
3 - 25% - 20% - 12:27
4 - 6% - 10% - 2:47
PP Forward
1 - 61% - 60% - 3:00
2 - 39% - 40% - 1:56
PP Defense
1 - 56% - 60% - 2:47
2 - 44% - 40% - 2:09
PK Forward
1 - 82% - 60% - 4:39
2 - 18% - 40% - 1:02
PK Defense
1 - 72% - 60% - 4:05
2 - 28% - 40% - 1:36
PK3 Forward
1 - 0% - 60%
2 - 0% - 40%
PK3 Defense
1 - 0% - 60%
2 - 0% - 40%
44 Forward
1 - 0% - 60%
2 - 0% - 40%
44 Defense
1 - 0% - 60%
2 - 0% - 40%
Last Minute Offensive - 0:00
Last Minute Defensive - 0:00
Total
Forward - 60:00
Defense - 60:00
|
% Time on Ice - Atlantic City Gamblers
Lines # - Real PCT - Wanted PCT - Time Play
Normal Forward
1 - 28% - 30% - 14:01
2 - 28% - 30% - 13:50
3 - 24% - 25% - 12:01
4 - 19% - 15% - 9:31
Normal Defense
1 - 35% - 35% - 17:18
2 - 35% - 35% - 17:21
3 - 29% - 30% - 14:17
4 - 1% - 0% - 0:27
PP Forward
1 - 57% - 50% - 3:15
2 - 43% - 50% - 2:26
PP Defense
1 - 51% - 50% - 2:53
2 - 49% - 50% - 2:48
PK Forward
1 - 51% - 50% - 2:30
2 - 49% - 50% - 2:26
PK Defense
1 - 55% - 50% - 2:44
2 - 45% - 50% - 2:12
PK3 Forward
1 - 0% - 50%
2 - 0% - 50%
PK3 Defense
1 - 0% - 50%
2 - 0% - 50%
44 Forward
1 - 0% - 50%
2 - 0% - 50%
44 Defense
1 - 0% - 50%
2 - 0% - 50%
Last Minute Offensive - 0:00
Last Minute Defensive - 0:00
Total
Forward - 60:00
Defense - 60:00
|
Play-by-Play
1st period
0:01 of 1st period - Luke Kunin wins face-off versus Johan Larsson in neutral zone.
0:12 of 1st period - Wrist shot by Luke Kunin.
0:12 of 1st period - Shot Misses the Net.
0:26 of 1st period - Dominik Simon is hit by Boris Katchouk and loses puck.
1:39 of 1st period - Ryan Suzuki is hit by Michael Vukojevic and loses puck.
1:56 of 1st period - Ty Smith is hit by A.J. Greer and loses puck.
2:28 of 1st period - Riley Damiani is hit by Nick Henry and loses puck.
3:35 of 1st period - Snap shot by Luke Kunin.
3:35 of 1st period - Goal by Luke Kunin - Adelaide Pink Elephants : 0 - Atlantic City Gamblers : 1.
3:36 of 1st period - Jakub Lauko wins face-off versus Kevin Stenlund in neutral zone.
4:05 of 1st period - Wrist shot by Johan Larsson.
4:05 of 1st period - Shot Misses the Net.
4:07 of 1st period - Wrist shot by Ryan Dzingel.
4:07 of 1st period - Shot Misses the Net.
4:35 of 1st period - Slapshot by Ronald Attard.
4:35 of 1st period - Shot Blocked by Philippe Myers.
5:21 of 1st period - Declan Chisholm is hit by Alex Beaucage and loses puck.
6:07 of 1st period - Boris Katchouk is hit by Kevin Stenlund and loses puck.
6:40 of 1st period - Slapshot by Ty Smith.
6:40 of 1st period - Shot Misses the Net.
6:42 of 1st period - Snap shot by Alex Beaucage.
6:42 of 1st period - Shot Misses the Net.
6:44 of 1st period - Slapshot by Callan Foote.
6:44 of 1st period - Shot Misses the Net.
6:46 of 1st period - Snap shot by Alex Beaucage.
6:46 of 1st period - Shot Misses the Net.
7:04 of 1st period - Slapshot by Ronald Attard.
7:04 of 1st period - Shot Misses the Net.
7:27 of 1st period - Philippe Myers is hit by Luke Kunin and loses puck.
7:42 of 1st period - Tyler Madden is hit by Jakub Lauko and loses puck.
7:55 of 1st period - Icing by Ryan Dzingel.
7:56 of 1st period - Riley Damiani wins face-off versus Nick Henry in Adelaide Pink Elephants zone.
7:56 of 1st period - Riley Damiani is hit by Ronald Attard.
8:07 of 1st period - Minor Penalty to Riley Damiani for Diving.
8:08 of 1st period - Johan Larsson wins face-off versus Luke Kunin in Adelaide Pink Elephants zone.
8:12 of 1st period - Philippe Myers is hit by Nils Hoglander.
8:15 of 1st period - Off-side.
8:16 of 1st period - Johan Larsson wins face-off versus Luke Kunin in neutral zone.
8:27 of 1st period - Luke Kunin is hit by Caleb Jones and loses puck.
8:34 of 1st period - Johan Larsson is hit by Cody Glass and loses puck.
9:11 of 1st period - Snap shot by Nils Hoglander.
9:11 of 1st period - Shot Blocked by Adam Gaudette.
9:13 of 1st period - Slapshot by Cody Glass.
9:13 of 1st period - Goal by Cody Glass - Adelaide Pink Elephants : 0 - Atlantic City Gamblers : 2.
9:14 of 1st period - Yegor Chinakhov wins face-off versus Adam Gaudette in neutral zone.
9:39 of 1st period - Philippe Myers is hit by Layton Ahac and loses puck.
9:52 of 1st period - Snap shot by Johan Larsson.
9:52 of 1st period - Stopped by Isaiah Saville with a rebound.
9:54 of 1st period - Snap shot by Adam Gaudette.
9:54 of 1st period - Shot Blocked by Ronald Attard.
9:56 of 1st period - Snap shot by Ryan Dzingel.
9:56 of 1st period - Shot Misses the Net.
9:58 of 1st period - Wrist shot by Ryan Dzingel.
9:58 of 1st period - Stopped by Isaiah Saville with a rebound.
10:26 of 1st period - Slapshot by Cam Dineen.
10:26 of 1st period - Shot Misses the Net.
10:31 of 1st period - Icing by Ryan Dzingel.
10:32 of 1st period - Johan Larsson wins face-off versus Nils Hoglander in Adelaide Pink Elephants zone.
10:53 of 1st period - Snap shot by Ryan Dzingel.
10:53 of 1st period - Shot Blocked by Ty Smith.
10:55 of 1st period - Wrist shot by Adam Gaudette.
10:55 of 1st period - Deflect By Cody Glass.
10:55 of 1st period - Stopped by Isaiah Saville without a rebound.
10:56 of 1st period - Dominik Simon wins face-off versus Jean-Luc Foudy in Atlantic City Gamblers zone.
11:01 of 1st period - Snap shot by Dominik Simon.
11:01 of 1st period - Shot Misses the Net.
11:21 of 1st period - Michael Vukojevic is hit by Caleb Jones and loses puck.
11:30 of 1st period - Snap shot by A.J. Greer.
11:30 of 1st period - Deflect By Riley Damiani.
11:30 of 1st period - Shot Misses the Net.
11:30 of 1st period - Puck is out of play.
11:31 of 1st period - Kevin Stenlund wins face-off versus Luke Kunin in Atlantic City Gamblers zone.
11:34 of 1st period - Snap shot by Matthew Phillips.
11:34 of 1st period - Stopped by Isaiah Saville without a rebound.
11:35 of 1st period - Kevin Stenlund wins face-off versus Luke Kunin in Atlantic City Gamblers zone.
11:44 of 1st period - Wrist shot by Cody Glass.
11:44 of 1st period - Shot Misses the Net.
11:46 of 1st period - Wrist shot by Luke Kunin.
11:46 of 1st period - Goal by Luke Kunin - Adelaide Pink Elephants : 0 - Atlantic City Gamblers : 3.
11:47 of 1st period - Jean-Luc Foudy wins face-off versus Ryan Suzuki in neutral zone.
12:12 of 1st period - Caleb Jones is hit by Egor Sokolov and loses puck.
12:23 of 1st period - Wrist shot by Egor Sokolov.
12:23 of 1st period - Shot Blocked by Dominik Simon.
12:25 of 1st period - Slapshot by Egor Sokolov.
12:25 of 1st period - Stopped by Matthew Murray with a rebound.
13:21 of 1st period - Slapshot by Jean-Luc Foudy.
13:21 of 1st period - Stopped by Matthew Murray with a rebound.
13:23 of 1st period - Wrist shot by Yegor Chinakhov.
13:23 of 1st period - Shot Misses the Net.
13:25 of 1st period - Wrist shot by Yegor Chinakhov.
13:25 of 1st period - Stopped by Matthew Murray with a rebound.
13:37 of 1st period - Dominik Simon is hit by Luke Kunin and loses puck.
13:46 of 1st period - Wrist shot by Luke Kunin.
13:46 of 1st period - Shot Blocked by Caleb Jones.
15:49 of 1st period - Layton Ahac is hit by Dominik Simon and loses puck.
17:19 of 1st period - Philippe Myers is hit by Ty Smith and loses puck.
19:43 of 1st period - A.J. Greer is hit by Ronald Attard and loses puck.
Goals for this period are 0 for Adelaide Pink Elephants vs 3 for Atlantic City Gamblers.
Shots for this period are 4 for Adelaide Pink Elephants vs 6 for Atlantic City Gamblers.
2nd period
0:01 of 2nd period - Jean-Luc Foudy wins face-off versus Johan Larsson in neutral zone.
0:26 of 2nd period - Cody Glass is hit by Matthew Phillips and loses puck.
1:04 of 2nd period - Minor Penalty to Jakub Lauko for Interference.
1:05 of 2nd period - Luke Kunin wins face-off versus Ryan Dzingel in Atlantic City Gamblers zone.
1:05 of 2nd period - Luke Kunin is hit by Adam Gaudette.
1:32 of 2nd period - Dominik Simon is hit by Luke Kunin and loses puck.
1:39 of 2nd period - Snap shot by Luke Kunin.
1:39 of 2nd period - Shot Blocked by Robin Salo.
2:23 of 2nd period - Caleb Jones is hit by Callan Foote and loses puck.
3:04 of 2nd period - Penalty to Jakub Lauko is over, Jakub Lauko is back on ice.
3:22 of 2nd period - Snap shot by Cody Glass.
3:22 of 2nd period - Shot Blocked by Caleb Jones.
3:24 of 2nd period - Slapshot by Michael Vukojevic.
3:24 of 2nd period - Stopped by Matthew Murray with a rebound.
3:30 of 2nd period - Slapshot by Cody Glass.
3:30 of 2nd period - Shot Misses the Net.
3:32 of 2nd period - Wrist shot by Jakub Lauko.
3:32 of 2nd period - Stopped by Matthew Murray with a rebound.
3:34 of 2nd period - Slapshot by Cody Glass.
3:34 of 2nd period - Stopped by Matthew Murray with a rebound.
3:36 of 2nd period - Snap shot by Luke Kunin.
3:36 of 2nd period - Deflect By Axel Jonsson-Fjallby.
3:36 of 2nd period - Shot Blocked by A.J. Greer.
3:36 of 2nd period - Puck is out of play.
3:37 of 2nd period - Xavier Bernard wins face-off versus Kevin Stenlund in Adelaide Pink Elephants zone.
3:41 of 2nd period - Icing by Ben Gleason.
3:42 of 2nd period - Kevin Stenlund wins face-off versus Nick Henry in Adelaide Pink Elephants zone.
3:47 of 2nd period - Snap shot by Matthew Phillips.
3:47 of 2nd period - Shot Misses the Net.
4:15 of 2nd period - Snap shot by Adam Gaudette.
4:15 of 2nd period - Shot Blocked by Thomas Harley.
5:00 of 2nd period - Slapshot by Ronald Attard.
5:00 of 2nd period - Stopped by Matthew Murray with a rebound.
5:06 of 2nd period - Slapshot by Ronald Attard.
5:06 of 2nd period - Shot Misses the Net.
5:18 of 2nd period - Snap shot by Johan Larsson.
5:18 of 2nd period - Stopped by Isaiah Saville with a rebound.
5:34 of 2nd period - Slapshot by A.J. Greer.
5:34 of 2nd period - Deflect By Riley Damiani.
5:34 of 2nd period - Shot Misses the Net.
5:34 of 2nd period - Puck is out of play.
5:35 of 2nd period - Riley Damiani wins face-off versus Jakub Lauko in Atlantic City Gamblers zone.
5:38 of 2nd period - Wrist shot by Axel Jonsson-Fjallby.
5:38 of 2nd period - Shot Hit the Post.
5:40 of 2nd period - Slapshot by Philippe Myers.
5:40 of 2nd period - Shot Misses the Net.
5:42 of 2nd period - Slapshot by Caleb Jones.
5:42 of 2nd period - Stopped by Isaiah Saville without a rebound.
5:43 of 2nd period - Adam Gaudette wins face-off versus Yegor Chinakhov in Atlantic City Gamblers zone.
5:44 of 2nd period - Slapshot by Johan Larsson.
5:44 of 2nd period - Stopped by Isaiah Saville with a rebound.
5:46 of 2nd period - Wrist shot by Ryan Dzingel.
5:46 of 2nd period - Stopped by Isaiah Saville with a rebound.
5:48 of 2nd period - Slapshot by Caleb Jones.
5:48 of 2nd period - Shot Blocked by Ronald Attard.
5:50 of 2nd period - Wrist shot by Johan Larsson.
5:50 of 2nd period - Stopped by Isaiah Saville with a rebound.
5:52 of 2nd period - Snap shot by Ryan Dzingel.
5:52 of 2nd period - Goal by Ryan Dzingel - Adelaide Pink Elephants : 1 - Atlantic City Gamblers : 3.
5:53 of 2nd period - Johan Larsson wins face-off versus Jean-Luc Foudy in neutral zone.
5:56 of 2nd period - Snap shot by Ryan Dzingel.
5:56 of 2nd period - Stopped by Isaiah Saville with a rebound.
6:01 of 2nd period - Jean-Luc Foudy and Ryan Dzingel fight to a draw.
6:01 of 2nd period - Penalty to Jean-Luc Foudy for Fighting.
6:01 of 2nd period - Penalty to Ryan Dzingel for Fighting.
6:02 of 2nd period - Boris Katchouk wins face-off versus Johan Larsson in Adelaide Pink Elephants zone.
6:05 of 2nd period - Slapshot by Ty Smith.
6:05 of 2nd period - Shot Misses the Net.
6:27 of 2nd period - Callan Foote is hit by Philippe Myers.
6:37 of 2nd period - Wrist shot by Dominik Simon.
6:37 of 2nd period - Shot Misses the Net.
7:12 of 2nd period - Slapshot by Johan Larsson.
7:12 of 2nd period - Stopped by Isaiah Saville with a rebound.
7:18 of 2nd period - Nick Cicek is hit by Jakub Lauko and loses puck.
7:42 of 2nd period - Backhand shot by Matthew Phillips.
7:42 of 2nd period - Shot Misses the Net.
8:30 of 2nd period - Slapshot by Egor Sokolov.
8:30 of 2nd period - Goal by Egor Sokolov - Adelaide Pink Elephants : 1 - Atlantic City Gamblers : 4.
8:31 of 2nd period - Johan Larsson wins face-off versus Boris Katchouk in neutral zone.
10:49 of 2nd period - Nick Cicek is hit by Nils Hoglander and loses puck.
11:06 of 2nd period - Axel Jonsson-Fjallby is hit by Yegor Chinakhov and loses puck.
12:06 of 2nd period - Snap shot by Nick Henry.
12:06 of 2nd period - Shot Misses the Net.
12:34 of 2nd period - Dominik Simon is hit by Cam Dineen and loses puck.
12:45 of 2nd period - Slapshot by Ty Smith.
12:45 of 2nd period - Deflect By Yegor Chinakhov.
12:45 of 2nd period - Shot Blocked by Ben Gleason.
12:45 of 2nd period - Puck is out of play.
12:46 of 2nd period - Tyler Madden wins face-off versus Boris Katchouk in Adelaide Pink Elephants zone.
12:50 of 2nd period - Off-side.
12:51 of 2nd period - Tyler Madden wins face-off versus Luke Kunin in neutral zone.
13:06 of 2nd period - Slapshot by Nils Hoglander.
13:06 of 2nd period - Stopped by Matthew Murray with a rebound.
14:33 of 2nd period - Wrist shot by Boris Katchouk.
14:33 of 2nd period - Deflect By Adam Gaudette.
14:33 of 2nd period - Stopped by Matthew Murray with a rebound.
14:35 of 2nd period - Slapshot by Michael Vukojevic.
14:35 of 2nd period - Stopped by Matthew Murray with a rebound.
14:37 of 2nd period - Snap shot by Jean-Luc Foudy.
14:37 of 2nd period - Shot Blocked by Philippe Myers.
14:39 of 2nd period - Wrist shot by Boris Katchouk.
14:39 of 2nd period - Shot Blocked by Caleb Jones.
14:49 of 2nd period - Alex Beaucage is hit by Matthew Phillips and loses puck.
14:57 of 2nd period - Slapshot by Jakub Lauko.
14:57 of 2nd period - Shot Misses the Net.
15:33 of 2nd period - Snap shot by Nils Hoglander.
15:33 of 2nd period - Stopped by Matthew Murray with a rebound.
15:35 of 2nd period - Wrist shot by Ty Smith.
15:35 of 2nd period - Deflect By Kevin Stenlund.
15:35 of 2nd period - Stopped by Matthew Murray with a rebound.
15:37 of 2nd period - Slapshot by Callan Foote.
15:37 of 2nd period - Stopped by Matthew Murray without a rebound.
15:38 of 2nd period - Nick Henry wins face-off versus Kevin Stenlund in Adelaide Pink Elephants zone.
15:39 of 2nd period - Slapshot by Cam Dineen.
15:39 of 2nd period - Shot Misses the Net.
16:56 of 2nd period - Jean-Luc Foudy is hit by Johan Larsson and loses puck.
17:15 of 2nd period - Snap shot by Cody Glass.
17:15 of 2nd period - Shot Misses the Net.
17:36 of 2nd period - Minor Penalty to Ryan Dzingel for Elbowing.
17:37 of 2nd period - Johan Larsson wins face-off versus Yegor Chinakhov in Adelaide Pink Elephants zone.
18:11 of 2nd period - Snap shot by Cody Glass.
18:11 of 2nd period - Shot Misses the Net.
18:13 of 2nd period - Slapshot by Ty Smith.
18:13 of 2nd period - Goal by Ty Smith - Adelaide Pink Elephants : 1 - Atlantic City Gamblers : 5.
18:14 of 2nd period - Jean-Luc Foudy wins face-off versus Ryan Dzingel in neutral zone.
18:17 of 2nd period - Slapshot by Callan Foote.
18:17 of 2nd period - Shot Misses the Net.
18:19 of 2nd period - Slapshot by Jean-Luc Foudy.
18:19 of 2nd period - Shot Blocked by Ryan Dzingel.
18:21 of 2nd period - Slapshot by Ty Smith.
18:21 of 2nd period - Deflect By Yegor Chinakhov.
18:21 of 2nd period - Shot Blocked by Robin Salo.
18:21 of 2nd period - Puck is out of play.
18:22 of 2nd period - Johan Larsson wins face-off versus Jean-Luc Foudy in Adelaide Pink Elephants zone.
18:28 of 2nd period - Icing by Adam Gaudette.
18:29 of 2nd period - Johan Larsson wins face-off versus Jakub Lauko in Adelaide Pink Elephants zone.
18:29 of 2nd period - Johan Larsson is hit by Alex Beaucage.
18:41 of 2nd period - Snap shot by Adam Gaudette.
18:41 of 2nd period - Stopped by Isaiah Saville with a rebound.
18:43 of 2nd period - Minor Penalty to Jakub Lauko for Roughing.
18:44 of 2nd period - Johan Larsson wins face-off versus Nils Hoglander in Atlantic City Gamblers zone.
18:51 of 2nd period - Snap shot by Johan Larsson.
18:51 of 2nd period - Stopped by Isaiah Saville with a rebound.
18:53 of 2nd period - Slapshot by Philippe Myers.
18:53 of 2nd period - Shot Blocked by Ronald Attard.
18:55 of 2nd period - Slapshot by Caleb Jones.
18:55 of 2nd period - Shot Misses the Net.
18:57 of 2nd period - Slapshot by Adam Gaudette.
18:57 of 2nd period - Shot Blocked by Yegor Chinakhov.
18:59 of 2nd period - Wrist shot by Johan Larsson.
18:59 of 2nd period - Goal by Johan Larsson - Adelaide Pink Elephants : 2 - Atlantic City Gamblers : 5.
19:00 of 2nd period - Johan Larsson wins face-off versus Luke Kunin in neutral zone.
19:05 of 2nd period - Wrist shot by Adam Gaudette.
19:05 of 2nd period - Shot Misses the Net.
19:07 of 2nd period - Wrist shot by Johan Larsson.
19:07 of 2nd period - Goal by Johan Larsson - Adelaide Pink Elephants : 3 - Atlantic City Gamblers : 5.
19:08 of 2nd period - Johan Larsson wins face-off versus Yegor Chinakhov in neutral zone.
19:11 of 2nd period - Ronald Attard is hit by Caleb Jones and loses puck.
19:17 of 2nd period - Ronald Attard is hit by Philippe Myers.
19:33 of 2nd period - Kevin Stenlund is hit by Luke Kunin and loses puck.
19:46 of 2nd period - Wrist shot by Luke Kunin.
19:46 of 2nd period - Shot Blocked by Caleb Jones.
19:58 of 2nd period - Slapshot by Caleb Jones.
19:58 of 2nd period - Shot Blocked by Callan Foote.
Goals for this period are 3 for Adelaide Pink Elephants vs 2 for Atlantic City Gamblers.
Shots for this period are 12 for Adelaide Pink Elephants vs 12 for Atlantic City Gamblers.
3rd period
0:01 of 3rd period - Jakub Lauko wins face-off versus Johan Larsson in neutral zone.
0:30 of 3rd period - Caleb Jones is hit by Cody Glass and loses puck.
0:39 of 3rd period - Wrist shot by Nils Hoglander.
0:39 of 3rd period - Shot Misses the Net.
0:51 of 3rd period - Wrist shot by Luke Kunin.
0:51 of 3rd period - Stopped by Matthew Murray without a rebound.
0:52 of 3rd period - Riley Damiani wins face-off versus Jean-Luc Foudy in Adelaide Pink Elephants zone.
0:59 of 3rd period - Ty Smith is hit by Axel Jonsson-Fjallby and loses puck.
1:18 of 3rd period - Yegor Chinakhov is hit by Dominik Simon and loses puck.
1:25 of 3rd period - Snap shot by Dominik Simon.
1:25 of 3rd period - Shot Misses the Net.
1:47 of 3rd period - Snap shot by Cody Glass.
1:47 of 3rd period - Shot Blocked by Ryan Dzingel.
2:09 of 3rd period - Alex Beaucage is hit by Axel Jonsson-Fjallby and loses puck.
2:27 of 3rd period - Layton Ahac is hit by Matthew Phillips and loses puck.
3:11 of 3rd period - Cam Dineen is hit by Riley Damiani and loses puck.
3:46 of 3rd period - Wrist shot by Luke Kunin.
3:46 of 3rd period - Shot Misses the Net.
3:48 of 3rd period - Slapshot by Ronald Attard.
3:48 of 3rd period - Stopped by Matthew Murray with a rebound.
3:50 of 3rd period - Slapshot by Nils Hoglander.
3:50 of 3rd period - Deflect By Cody Glass.
3:50 of 3rd period - Stopped by Matthew Murray with a rebound.
4:06 of 3rd period - Slapshot by Egor Sokolov.
4:06 of 3rd period - Stopped by Matthew Murray with a rebound.
4:08 of 3rd period - Slapshot by Michael Vukojevic.
4:08 of 3rd period - Stopped by Matthew Murray with a rebound.
4:20 of 3rd period - Michael Vukojevic is hit by Nick Cicek and loses puck.
5:02 of 3rd period - Riley Damiani is hit by Callan Foote and loses puck.
5:13 of 3rd period - Snap shot by Riley Damiani.
5:13 of 3rd period - Deflect By Axel Jonsson-Fjallby.
5:13 of 3rd period - Stopped by Isaiah Saville with a rebound.
5:15 of 3rd period - Slapshot by Caleb Jones.
5:15 of 3rd period - Deflect By Callan Foote.
5:15 of 3rd period - Stopped by Isaiah Saville with a rebound.
5:17 of 3rd period - Wrist shot by Riley Damiani.
5:17 of 3rd period - Stopped by Isaiah Saville without a rebound.
5:18 of 3rd period - Dominik Simon wins face-off versus Luke Kunin in Atlantic City Gamblers zone.
5:19 of 3rd period - Wrist shot by Matthew Phillips.
5:19 of 3rd period - Goal by Matthew Phillips - Adelaide Pink Elephants : 4 - Atlantic City Gamblers : 5.
5:20 of 3rd period - Luke Kunin wins face-off versus Johan Larsson in neutral zone.
5:22 of 3rd period - Minor Penalty to Ty Smith for Charging.
5:23 of 3rd period - Johan Larsson wins face-off versus Cody Glass in Atlantic City Gamblers zone.
5:25 of 3rd period - Snap shot by Johan Larsson.
5:25 of 3rd period - Goal by Johan Larsson - Adelaide Pink Elephants : 5 - Atlantic City Gamblers : 5.
5:26 of 3rd period - Johan Larsson wins face-off versus Luke Kunin in neutral zone.
5:29 of 3rd period - Nils Hoglander is hit by Adam Gaudette and loses puck.
5:36 of 3rd period - Snap shot by Nils Hoglander.
5:36 of 3rd period - Shot Misses the Net.
5:38 of 3rd period - Slapshot by Callan Foote.
5:38 of 3rd period - Stopped by Matthew Murray with a rebound.
5:40 of 3rd period - Backhand shot by Ty Smith.
5:40 of 3rd period - Stopped by Matthew Murray without a rebound.
5:41 of 3rd period - Kevin Stenlund wins face-off versus Jean-Luc Foudy in Adelaide Pink Elephants zone.
5:41 of 3rd period - Kevin Stenlund is hit by Yegor Chinakhov.
6:28 of 3rd period - Minor Penalty to Jakub Lauko for Holding.
6:29 of 3rd period - Adam Gaudette wins face-off versus Luke Kunin in Atlantic City Gamblers zone.
6:39 of 3rd period - Wrist shot by Ryan Dzingel.
6:39 of 3rd period - Stopped by Isaiah Saville without a rebound.
6:40 of 3rd period - Nils Hoglander wins face-off versus Johan Larsson in Atlantic City Gamblers zone.
6:55 of 3rd period - Wrist shot by Johan Larsson.
6:55 of 3rd period - Stopped by Isaiah Saville with a rebound.
7:05 of 3rd period - Dominik Simon is hit by Cam Dineen.
8:28 of 3rd period - Penalty to Jakub Lauko is over, Jakub Lauko is back on ice.
8:41 of 3rd period - Wrist shot by Nick Henry.
8:41 of 3rd period - Shot Blocked by Philippe Myers.
10:00 of 3rd period - Slapshot by Callan Foote.
10:00 of 3rd period - Shot Misses the Net.
10:02 of 3rd period - Snap shot by Jean-Luc Foudy.
10:02 of 3rd period - Stopped by Matthew Murray without a rebound.
10:03 of 3rd period - Ryan Suzuki wins face-off versus Jean-Luc Foudy in Adelaide Pink Elephants zone.
10:10 of 3rd period - Slapshot by Robin Salo.
10:10 of 3rd period - Stopped by Isaiah Saville with a rebound.
10:32 of 3rd period - Snap shot by Jakub Lauko.
10:32 of 3rd period - Shot Misses the Net.
10:34 of 3rd period - Snap shot by Alex Beaucage.
10:34 of 3rd period - Shot Blocked by Ryan Dzingel.
10:36 of 3rd period - Snap shot by Egor Sokolov.
10:36 of 3rd period - Stopped by Matthew Murray without a rebound.
10:37 of 3rd period - Kevin Stenlund wins face-off versus Jakub Lauko in Adelaide Pink Elephants zone.
10:37 of 3rd period - Kevin Stenlund is hit by Egor Sokolov.
10:40 of 3rd period - Minor Penalty to Dominik Simon for High sticking.
10:41 of 3rd period - Johan Larsson wins face-off versus Jean-Luc Foudy in Adelaide Pink Elephants zone.
11:07 of 3rd period - Philippe Myers is hit by Nils Hoglander and loses puck.
12:40 of 3rd period - Penalty to Dominik Simon is over, Dominik Simon is back on ice.
13:11 of 3rd period - Backhand shot by Dominik Simon.
13:11 of 3rd period - Stopped by Isaiah Saville with a rebound.
13:13 of 3rd period - Snap shot by Ben Gleason.
13:13 of 3rd period - Shot Blocked by Jakub Lauko.
13:15 of 3rd period - Wrist shot by Dominik Simon.
13:15 of 3rd period - Shot Misses the Net.
13:17 of 3rd period - Slapshot by Ben Gleason.
13:17 of 3rd period - Deflect By Jakub Lauko.
13:17 of 3rd period - Stopped by Isaiah Saville without a rebound.
13:18 of 3rd period - Johan Larsson wins face-off versus Xavier Bernard in Atlantic City Gamblers zone.
13:19 of 3rd period - Wrist shot by Ryan Dzingel.
13:19 of 3rd period - Stopped by Isaiah Saville with a rebound.
13:21 of 3rd period - Snap shot by Declan Chisholm.
13:21 of 3rd period - Stopped by Isaiah Saville without a rebound.
13:22 of 3rd period - Johan Larsson wins face-off versus Nick Henry in Atlantic City Gamblers zone.
13:23 of 3rd period - Slapshot by Ryan Dzingel.
13:23 of 3rd period - Stopped by Isaiah Saville with a rebound.
13:25 of 3rd period - Slapshot by Declan Chisholm.
13:25 of 3rd period - Shot Misses the Net.
13:27 of 3rd period - Snap shot by Adam Gaudette.
13:27 of 3rd period - Goal by Adam Gaudette - Adelaide Pink Elephants : 6 - Atlantic City Gamblers : 5.
13:28 of 3rd period - Luke Kunin wins face-off versus Johan Larsson in neutral zone.
13:30 of 3rd period - Minor Penalty to Nils Hoglander for Diving.
13:31 of 3rd period - Jakub Lauko wins face-off versus Johan Larsson in Atlantic City Gamblers zone.
13:41 of 3rd period - Callan Foote is hit by Johan Larsson and loses puck.
13:48 of 3rd period - Wrist shot by Cody Glass.
13:48 of 3rd period - Stopped by Matthew Murray with a rebound.
14:07 of 3rd period - Wrist shot by Dominik Simon.
14:07 of 3rd period - Stopped by Isaiah Saville with a rebound.
14:09 of 3rd period - Slapshot by Dominik Simon.
14:09 of 3rd period - Goal by Dominik Simon - Adelaide Pink Elephants : 7 - Atlantic City Gamblers : 5.
14:10 of 3rd period - Luke Kunin wins face-off versus Johan Larsson in neutral zone.
14:17 of 3rd period - Slapshot by Cody Glass.
14:17 of 3rd period - Stopped by Matthew Murray with a rebound.
14:22 of 3rd period - Minor Penalty to Philippe Myers for Interference.
14:23 of 3rd period - Johan Larsson wins face-off versus Jean-Luc Foudy in Adelaide Pink Elephants zone.
14:54 of 3rd period - Nick Cicek is hit by Luke Kunin and loses puck.
15:43 of 3rd period - Snap shot by Adam Gaudette.
15:43 of 3rd period - Stopped by Isaiah Saville with a rebound.
16:22 of 3rd period - Penalty to Philippe Myers is over, Philippe Myers is back on ice.
16:30 of 3rd period - Slapshot by Thomas Harley.
16:30 of 3rd period - Shot Misses the Net.
16:58 of 3rd period - Snap shot by A.J. Greer.
16:58 of 3rd period - Stopped by Isaiah Saville without a rebound.
16:59 of 3rd period - Kevin Stenlund wins face-off versus Jean-Luc Foudy in Atlantic City Gamblers zone.
17:06 of 3rd period - Wrist shot by Dominik Simon.
17:06 of 3rd period - Stopped by Isaiah Saville without a rebound.
17:07 of 3rd period - Jean-Luc Foudy wins face-off versus Kevin Stenlund in Atlantic City Gamblers zone.
17:12 of 3rd period - Snap shot by Kevin Stenlund.
17:12 of 3rd period - Stopped by Isaiah Saville without a rebound.
17:13 of 3rd period - Johan Larsson wins face-off versus Jakub Lauko in Atlantic City Gamblers zone.
17:14 of 3rd period - Snap shot by Ryan Dzingel.
17:14 of 3rd period - Shot Blocked by Alex Beaucage.
17:26 of 3rd period - Slapshot by Ryan Dzingel.
17:26 of 3rd period - Stopped by Isaiah Saville with a rebound.
17:28 of 3rd period - Slapshot by Robin Salo.
17:28 of 3rd period - Stopped by Isaiah Saville with a rebound.
18:02 of 3rd period - Wrist shot by Boris Katchouk.
18:02 of 3rd period - Stopped by Matthew Murray with a rebound.
18:24 of 3rd period - Slapshot by Callan Foote.
18:24 of 3rd period - Stopped by Matthew Murray with a rebound.
18:26 of 3rd period - Snap shot by Layton Ahac.
18:26 of 3rd period - Shot Misses the Net.
18:28 of 3rd period - Snap shot by Ty Smith.
18:28 of 3rd period - Stopped by Matthew Murray with a rebound.
18:30 of 3rd period - Slapshot by Ty Smith.
18:30 of 3rd period - Stopped by Matthew Murray without a rebound.
18:31 of 3rd period - Kevin Stenlund wins face-off versus Jakub Lauko in Adelaide Pink Elephants zone.
18:36 of 3rd period - Cam Dineen is hit by Dominik Simon and loses puck.
18:43 of 3rd period - Snap shot by Egor Sokolov.
18:43 of 3rd period - Stopped by Matthew Murray with a rebound.
18:45 of 3rd period - Slapshot by Alex Beaucage.
18:45 of 3rd period - Shot Misses the Net.
18:47 of 3rd period - Slapshot by Ronald Attard.
18:47 of 3rd period - Shot Blocked by Nick Cicek.
19:10 of 3rd period - Icing by Johan Larsson.
19:11 of 3rd period - Jakub Lauko wins face-off versus Ryan Suzuki in Adelaide Pink Elephants zone.
19:24 of 3rd period - Slapshot by A.J. Greer.
19:24 of 3rd period - Stopped by Isaiah Saville with a rebound.
19:26 of 3rd period - Snap shot by A.J. Greer.
19:26 of 3rd period - Stopped by Isaiah Saville with a rebound.
19:28 of 3rd period - Slapshot by A.J. Greer.
19:28 of 3rd period - Stopped by Isaiah Saville with a rebound.
19:30 of 3rd period - Snap shot by A.J. Greer.
19:30 of 3rd period - Stopped by Isaiah Saville with a rebound.
19:32 of 3rd period - Wrist shot by Johan Larsson.
19:32 of 3rd period - Goal by Johan Larsson - Adelaide Pink Elephants : 8 - Atlantic City Gamblers : 5.
19:33 of 3rd period - Johan Larsson wins face-off versus Jean-Luc Foudy in neutral zone.
19:41 of 3rd period - Off-side.
19:42 of 3rd period - Johan Larsson wins face-off versus Jean-Luc Foudy in neutral zone.
19:47 of 3rd period - Wrist shot by Adam Gaudette.
19:47 of 3rd period - Shot Blocked by Boris Katchouk.
Goals for this period are 5 for Adelaide Pink Elephants vs 0 for Atlantic City Gamblers.
Shots for this period are 27 for Adelaide Pink Elephants vs 16 for Atlantic City Gamblers.
Back to the Top